| TOP OF THE 1ST |
|
Oakland Athletics batting - Pitching for Kansas City Royals : RHP Bryan Boykin
|
|
Pitching: RHP Bryan Boykin
|
|
|
Batting: RHB Randy Shrewsbury
|
0-0: Ball 1-0: Ball 2-0: Called Strike 2-1: Called Strike 2-2: Foul Ball, location: 2F 2-2: TRIPLE (Flyball, 78XD, EV 99.4 MPH)
|
|
Batting: LHB R.J. O'Brien
|
0-0: Ground out 4-3 (Groundball, 4, EV 95.0 MPH) Randy Shrewsbury scores
|
|
Batting: LHB Bob Branham
|
0-0: Ball 1-0: Fly out, F7 (Line Drive, 78M, EV 91.9 MPH)
|
|
Batting: RHB Muneo Kawachi
|
0-0: Ball 1-0: Ball 2-0: Ball 3-0: Base on Balls
|
|
Batting: SHB Quincy Bradford
|
0-0: Called Strike Muneo Kawachi is caught stealing 2nd base 2-6
|
| Top of the 1st over - 1 run, 1 hit, 0 errors, 0 left on base; Oakland 1 - Kansas City 0 |
| BOTTOM OF THE 1ST |
|
Kansas City Royals batting - Pitching for Oakland Athletics : RHP Bryce Schimmoeller
|
|
Pitching: RHP Bryce Schimmoeller
|
|
|
Batting: RHB Matt Belgard
|
0-0: Swinging Strike 0-1: Ground out 6-3 (Groundball, 6M, EV 75.6 MPH)
|
|
Batting: RHB Walt Cogswell
|
0-0: Ball 1-0: Ball 2-0: Foul Ball, location: 2F 2-1: Ball 3-1: SINGLE (Groundball, 6MS, EV 68.8 MPH) (infield hit)
|
|
Batting: LHB Mike Meyerhoff
|
0-0: Ball 1-0: Ball 2-0: Ball 3-0: DOUBLE (Flyball, 78XD, EV 92.5 MPH) Walt Cogswell to third Runner from 3rd tries for Home, SAFE, no throw by CF
|
|
Batting: RHB Mike Jaquez
|
0-0: Called Strike 0-1: Ball 1-1: Swinging Strike 1-2: Strikes out looking
|
|
Batting: LHB Roman Downey
|
0-0: Called Strike 0-1: Ball 1-1: Swinging Strike 1-2: Ball 2-2: Ball 3-2: Strikes out swinging
|
| Bottom of the 1st over - 1 run, 2 hits, 0 errors, 1 left on base; Oakland 1 - Kansas City 1 |
| TOP OF THE 2ND |
|
Oakland Athletics batting - Pitching for Kansas City Royals : RHP Bryan Boykin
|
|
Batting: SHB Quincy Bradford
|
0-0: Called Strike 0-1: Called Strike 0-2: Ball 1-2: Strikes out swinging
|
|
Batting: LHB Tom Butterbaugh
|
0-0: Ball 1-0: Ball 2-0: Foul Ball, location: 2F 2-1: Ground out 5-3 (Groundball, 5, EV 80.0 MPH)
|
|
Batting: RHB Jorge Severiano
|
0-0: Ball 1-0: Foul Ball, location: 2F 1-1: Ball 2-1: Foul Ball, location: 2F 2-2: Strikes out swinging
|
| Top of the 2nd over - 0 runs, 0 hits, 0 errors, 0 left on base; Oakland 1 - Kansas City 1 |
| BOTTOM OF THE 2ND |
|
Kansas City Royals batting - Pitching for Oakland Athletics : RHP Bryce Schimmoeller
|
|
Batting: SHB Gil Switzer
|
0-0: Ball 1-0: Called Strike 1-1: Foul Ball, location: 2F 1-2: Ball 2-2: Ball 3-2: Fly out, F9 (Line Drive, 89S, EV 96.2 MPH)
|
|
Batting: RHB Adam Martin
|
0-0: Called Strike 0-1: Ball 1-1: Foul Ball, location: 2F 1-2: Ball 2-2: Ground out 6-3 (Groundball, 6, EV 81.9 MPH)
|
|
Batting: LHB Manny Estrada
|
0-0: Ball 1-0: Called Strike 1-1: Called Strike 1-2: Foul Ball, location: 2F 1-2: Strikes out looking
|
| Bottom of the 2nd over - 0 runs, 0 hits, 0 errors, 0 left on base; Oakland 1 - Kansas City 1 |
| TOP OF THE 3RD |
|
Oakland Athletics batting - Pitching for Kansas City Royals : RHP Bryan Boykin
|
|
Batting: LHB Jeff Luvisi
|
0-0: Ball 1-0: Foul Ball, location: 2F 1-1: Foul Ball, location: 2F 1-2: Foul Ball, location: 2F 1-2: Fly out, F9 (Flyball, 9LS, EV 85.0 MPH)
|
|
Batting: LHB Juan Concepcion
|
0-0: Ball 1-0: Ball 2-0: Ball 3-0: Called Strike 3-1: Foul Ball, location: 2F 3-2: Ground out 3-1 (Groundball, 34S, EV 85.0 MPH)
|
|
Batting: RHB Randy Shrewsbury
|
0-0: Called Strike 0-1: Fly out, F9 (Line Drive, 89M, EV 105.6 MPH)
|
| Top of the 3rd over - 0 runs, 0 hits, 0 errors, 0 left on base; Oakland 1 - Kansas City 1 |
| BOTTOM OF THE 3RD |
|
Kansas City Royals batting - Pitching for Oakland Athletics : RHP Bryce Schimmoeller
|
|
Batting: RHB Kevin Roseen
|
0-0: Ball 1-0: Ball 2-0: Foul Ball, location: 2F 2-1: Called Strike 2-2: Ball 3-2: Ground out 4-3 (Groundball, 4, EV 102.5 MPH)
|
|
Batting: RHB Matt Belgard
|
0-0: Ball 1-0: Called Strike 1-1: DOUBLE (Groundball, 5L, EV 96.2 MPH)
|
|
Batting: RHB Walt Cogswell
|
0-0: Called Strike 0-1: Ball 1-1: Fly out, F8 (Flyball, 8RS, EV 88.8 MPH)
|
|
Batting: LHB Mike Meyerhoff
|
0-0: Called Strike 0-1: Called Strike 0-2: Foul Ball, location: 2F 0-2: Ground out U3 (Groundball, 3L, EV 95.6 MPH)
|
| Bottom of the 3rd over - 0 runs, 1 hit, 0 errors, 1 left on base; Oakland 1 - Kansas City 1 |
| TOP OF THE 4TH |
|
Oakland Athletics batting - Pitching for Kansas City Royals : RHP Bryan Boykin
|
|
Batting: LHB R.J. O'Brien
|
0-0: Foul Ball, location: 2F 0-1: Swinging Strike 0-2: Foul Ball, location: 2F 0-2: Ground out 5-3 (Groundball, 56, EV 95.6 MPH)
|
|
Batting: LHB Bob Branham
|
0-0: Called Strike 0-1: Foul Ball, location: 2F 0-2: Ball 1-2: Strikes out swinging
|
|
Batting: RHB Muneo Kawachi
|
0-0: Called Strike 0-1: Foul Ball, location: 2F 0-2: Ground out 6-3 (Groundball, 6, EV 83.8 MPH)
|
| Top of the 4th over - 0 runs, 0 hits, 0 errors, 0 left on base; Oakland 1 - Kansas City 1 |
| BOTTOM OF THE 4TH |
|
Kansas City Royals batting - Pitching for Oakland Athletics : RHP Bryce Schimmoeller
|
|
Batting: RHB Mike Jaquez
|
0-0: Ball 1-0: Foul Ball, location: 2F 1-1: SINGLE (Flyball, 89S, EV 96.9 MPH)
|
|
Batting: LHB Roman Downey
|
0-0: Foul Ball, location: 2F 0-1: Ball 1-1: Called Strike 1-2: Strikes out swinging
|
|
Batting: SHB Gil Switzer
|
0-0: Ball Mike Jaquez steals 2nd base 1-0: Called Strike 1-1: Ground out 6-3 (Groundball, 6, EV 83.1 MPH) Mike Jaquez to third
|
|
Batting: RHB Adam Martin
|
0-0: Ball 1-0: Foul Ball, location: 2F 1-1: Ball 2-1: Ball 3-1: Foul Ball, location: 2F 3-2: Foul Ball, location: 2F 3-2: Foul Ball, location: 2F 3-2: Strikes out swinging
|
| Bottom of the 4th over - 0 runs, 1 hit, 0 errors, 1 left on base; Oakland 1 - Kansas City 1 |
| TOP OF THE 5TH |
|
Oakland Athletics batting - Pitching for Kansas City Royals : RHP Bryan Boykin
|
|
Batting: SHB Quincy Bradford
|
0-0: Foul Ball, location: 2F 0-1: SINGLE (Groundball, 56S, EV 67.5 MPH) (infield hit)
|
|
Batting: LHB Tom Butterbaugh
|
0-0: Ball 1-0: Called Strike 1-1: Swinging Strike 1-2: Foul Ball, location: 2F 1-2: Ball 2-2: Ball 3-2: Foul Ball, location: 2F 3-2: Fly out, F8 (Flyball, 8RD, EV 100.0 MPH)
|
|
Batting: RHB Jorge Severiano
|
0-0: Foul Ball, location: 2F 0-1: Swinging Strike 0-2: Strikes out looking
|
|
Batting: LHB Jeff Luvisi
|
0-0: Called Strike 0-1: Ball Quincy Bradford steals 2nd base 1-1: Ball 2-1: Foul Ball, location: 2F 2-2: Strikes out swinging
|
| Top of the 5th over - 0 runs, 1 hit, 0 errors, 1 left on base; Oakland 1 - Kansas City 1 |
| BOTTOM OF THE 5TH |
|
Kansas City Royals batting - Pitching for Oakland Athletics : RHP Bryce Schimmoeller
|
|
Batting: LHB Manny Estrada
|
0-0: Called Strike 0-1: SINGLE (Groundball, 3D, EV 110.0 MPH)
|
|
Batting: RHB Kevin Roseen
|
0-0: Called Strike 0-1: Ball 1-1: Ball 2-1: Swinging Strike 2-2: Grounds into double play, 4-6-3 (Groundball, 34, EV 100.6 MPH)
|
|
Batting: RHB Matt Belgard
|
0-0: Foul Ball, location: 2F 0-1: Ball 1-1: Foul Ball, location: 2F 1-2: Ball 2-2: Ball 3-2: Fly out, F8 (Flyball, 8RD, EV 105.0 MPH)
|
| Bottom of the 5th over - 0 runs, 1 hit, 0 errors, 0 left on base; Oakland 1 - Kansas City 1 |
| TOP OF THE 6TH |
|
Oakland Athletics batting - Pitching for Kansas City Royals : RHP Bryan Boykin
|
|
Batting: LHB Juan Concepcion
|
0-0: Called Strike 0-1: Ball 1-1: Ball 2-1: Foul Ball, location: 2F 2-2: Foul Ball, location: 2F 2-2: Fly out, F8 (Flyball, 8RM, EV 91.9 MPH)
|
|
Batting: RHB Randy Shrewsbury
|
0-0: Foul Ball, location: 2F 0-1: Foul Ball, location: 2F 0-2: Ball 1-2: Ball 2-2: Foul Ball, location: 2F 2-2: Ball 3-2: Strikes out looking
|
|
Batting: LHB R.J. O'Brien
|
0-0: Ground out 5-3 (Groundball, 5, EV 89.4 MPH)
|
| Top of the 6th over - 0 runs, 0 hits, 0 errors, 0 left on base; Oakland 1 - Kansas City 1 |
| BOTTOM OF THE 6TH |
|
Kansas City Royals batting - Pitching for Oakland Athletics : RHP Bryce Schimmoeller
|
|
Batting: RHB Walt Cogswell
|
0-0: Ball 1-0: Ball 2-0: Called Strike 2-1: Foul Ball, location: 2F 2-2: Fly out, F9 (Line Drive, 89M, EV 110.0 MPH)
|
|
Batting: LHB Mike Meyerhoff
|
0-0: SINGLE (Flyball, 4D, EV 86.2 MPH)
|
|
Batting: RHB Mike Jaquez
|
0-0: Ball 1-0: Swinging Strike 1-1: Swinging Strike 1-2: Strikes out swinging
|
|
Batting: LHB Roman Downey
|
0-0: Fielders Choice at 2nd, U6 (Groundball, 4, EV 87.5 MPH)
|
| Bottom of the 6th over - 0 runs, 1 hit, 0 errors, 1 left on base; Oakland 1 - Kansas City 1 |
| TOP OF THE 7TH |
|
Oakland Athletics batting - Pitching for Kansas City Royals : RHP Bryan Boykin
|
|
Batting: LHB Bob Branham
|
0-0: Ball 1-0: DOUBLE (Line Drive, 7LM, EV 105.0 MPH)
|
|
Batting: RHB Muneo Kawachi
|
0-0: Ball 1-0: Called Strike 1-1: Ground out 6-3 (Groundball, 4MS, EV 93.8 MPH) Bob Branham to third
|
|
Batting: SHB Quincy Bradford
|
0-0: Ball 1-0: Ball 2-0: Ball 3-0: DOUBLE (Groundball, 3L, EV 101.2 MPH) Bob Branham scores
|
|
Batting: LHB Tom Butterbaugh
|
0-0: Ground out 4-3 (Groundball, 4, EV 82.5 MPH) Quincy Bradford to third
|
|
Batting: RHB Jorge Severiano
|
0-0: Called Strike 0-1: Foul Ball, location: 2F 0-2: Ball 1-2: Foul Ball, location: 2F 1-2: Ball 2-2: Ground out 1-3 (Groundball, 13S, EV 71.9 MPH)
|
| Top of the 7th over - 1 run, 2 hits, 0 errors, 1 left on base; Oakland 2 - Kansas City 1 |
| BOTTOM OF THE 7TH |
|
Kansas City Royals batting - Pitching for Oakland Athletics : RHP Bryce Schimmoeller
|
|
Batting: SHB Gil Switzer
|
0-0: Foul Ball, location: 2F 0-1: Called Strike 0-2: Ball 1-2: Ball 2-2: Ball 3-2: Base on Balls
|
|
Batting: SHB Jose Pacheco
|
0-0: Bunt missed! 0-1: Bunted foul 0-2: Ball 1-2: Ball 2-2: Ball 3-2: Base on Balls Gil Switzer to second
|
|
Pitching: RHP Germano Nunes
|
|
|
Batting: LHB Manny Estrada
|
0-0: Called Strike 0-1: Ball 1-1: Swinging Strike 1-2: Fly out, F6 (Line Drive, 4M, EV 108.1 MPH)
|
|
Batting: RHB Kevin Roseen
|
0-0: Ball 1-0: Ball 2-0: Ball 3-0: Called Strike 3-1: Fly out, F8 (Line Drive, 8RD, EV 95.0 MPH)
|
|
Batting: RHB Matt Belgard
|
0-0: Ball 1-0: Foul Ball, location: 2F 1-1: Foul Ball, location: 2F 1-2: Hit by Pitch Gil Switzer to third Jose Pacheco to second
|
|
Pinch Hitting: LHB Pete Hansel
|
0-0: Ball 1-0: Ball 2-0: Ball 3-0: Called Strike 3-1: Foul Ball, location: 2F 3-2: Strikes out swinging
|
| Bottom of the 7th over - 0 runs, 0 hits, 0 errors, 3 left on base; Oakland 2 - Kansas City 1 |
| TOP OF THE 8TH |
|
Oakland Athletics batting - Pitching for Kansas City Royals : RHP Bryan Boykin
|
|
Now in LF: Pete Hansel
|
|
|
Now in CF: Gil Switzer
|
|
|
Batting: LHB Jeff Luvisi
|
0-0: Called Strike 0-1: SOLO HOME RUN (Flyball, 9D, EV 100.0 MPH), Distance : 372 ft
|
|
Pitching: LHP Chris Eaker
|
|
|
Batting: RHB Robby Juarez
|
0-0: Called Strike 0-1: Foul Ball, location: 2F 0-2: Fly out, F8 (Line Drive, 8RM, EV 96.2 MPH)
|
|
Pitching: RHP Josh Moncada
|
|
|
Batting: RHB Randy Shrewsbury
|
0-0: Called Strike 0-1: Called Strike 0-2: Ball 1-2: Foul Ball, location: 2F 1-2: Ball 2-2: Foul Ball, location: 2F 2-2: Foul Ball, location: 2F 2-2: Ball 3-2: Ground out 6-3 (Groundball, 6, EV 110.0 MPH)
|
|
Batting: LHB R.J. O'Brien
|
0-0: Called Strike 0-1: Ball 1-1: Ball 2-1: Foul Ball, location: 2F 2-2: Ball 3-2: Strikes out swinging
|
| Top of the 8th over - 1 run, 1 hit, 0 errors, 0 left on base; Oakland 3 - Kansas City 1 |
| BOTTOM OF THE 8TH |
|
Kansas City Royals batting - Pitching for Oakland Athletics : RHP Germano Nunes
|
|
Pitching: RHP Hunter Vanderhyden
|
|
|
Now at C: Garry Hash
|
|
|
Now in RF: Nick Gentzel
|
|
|
Batting: LHB Mike Meyerhoff
|
0-0: Ball 1-0: Ground out 3-1 (Groundball, 34, EV 88.1 MPH)
|
|
Batting: RHB Mike Jaquez
|
0-0: Foul Ball, location: 2F 0-1: Hit by Pitch
|
|
Batting: LHB Roman Downey
|
0-0: Ball 1-0: Ball 2-0: Foul Ball, location: 2F 2-1: Swinging Strike 2-2: Ball 3-2: Foul Ball, location: 2F 3-2: Base on Balls Mike Jaquez to second
|
|
Batting: SHB Gil Switzer
|
0-0: Called Strike 0-1: Foul Ball, location: 2F 0-2: Strikes out swinging
|
|
Batting: SHB Jose Pacheco
|
0-0: Ball 1-0: Called Strike 1-1: Swinging Strike 1-2: Ball 2-2: SINGLE (Groundball, 6D, EV 100.6 MPH) Mike Jaquez to third Roman Downey to second Runner from 3rd tries for Home, throw by CF and OUT! 8-2
|
| Bottom of the 8th over - 0 runs, 1 hit, 0 errors, 2 left on base; Oakland 3 - Kansas City 1 |
| TOP OF THE 9TH |
|
Oakland Athletics batting - Pitching for Kansas City Royals : RHP Josh Moncada
|
|
Batting: LHB Bob Branham
|
0-0: Ball 1-0: Swinging Strike 1-1: Foul Ball, location: 2F 1-2: Ground out U3 (Groundball, 3S, EV 82.5 MPH)
|
|
Batting: RHB Muneo Kawachi
|
0-0: Ball 1-0: Ball 2-0: Called Strike 2-1: Foul Ball, location: 2F 2-2: Ball 3-2: Base on Balls
|
|
Batting: SHB Quincy Bradford
|
0-0: Foul Ball, location: 2F 0-1: Ball 1-1: Called Strike 1-2: SINGLE (Groundball, 34, EV 105.6 MPH) Muneo Kawachi to second Runner from 2nd tries for 3rd, SAFE, throw by RF made to third
|
|
Batting: LHB Tom Butterbaugh
|
0-0: Foul Ball, location: 2F 0-1: Ball 1-1: Foul Ball, location: 2F 1-2: Ball 2-2: SINGLE (Line Drive, 56D, EV 94.4 MPH) Muneo Kawachi scores Quincy Bradford to second
|
|
Batting: RHB Nick Gentzel
|
0-0: Ball 1-0: Swinging Strike 1-1: Foul Ball, location: 2F 1-2: Ball 2-2: Ball 3-2: Base on Balls Quincy Bradford to third Tom Butterbaugh to second
|
|
Batting: RHB Garry Hash
|
0-0: Grounds into fielders choice 6-2 (Groundball, 56, EV 100.0 MPH) Tom Butterbaugh to third Nick Gentzel to second
|
|
Batting: RHB Robby Juarez
|
0-0: Ball 1-0: Ball 2-0: Single, Error in OF, E8, batter to second base (Line Drive, 78S, EV 101.2 MPH) Tom Butterbaugh scores Nick Gentzel scores Garry Hash to third
|
|
Batting: RHB Randy Shrewsbury
|
0-0: Called Strike 0-1: Called Strike 0-2: SINGLE (Flyball, 56D, EV 91.2 MPH) Garry Hash scores Robby Juarez to third Runner from 3rd tries for Home, SAFE, throw by LF to home
|
|
Pitching: RHP Ken Hall
|
|
|
Batting: LHB R.J. O'Brien
|
0-0: Called Strike 0-1: Ball 1-1: Swinging Strike 1-2: Foul Ball, location: 2F 1-2: TRIPLE (Flyball, 78D, EV 83.8 MPH) Randy Shrewsbury scores
|
|
Batting: LHB Bob Branham
|
0-0: Fly out, F7 (Line Drive, 7, EV 87.5 MPH)
|
| Top of the 9th over - 6 runs, 5 hits, 1 error, 1 left on base; Oakland 9 - Kansas City 1 |
| BOTTOM OF THE 9TH |
|
Kansas City Royals batting - Pitching for Oakland Athletics : RHP Hunter Vanderhyden
|
|
Batting: LHB Manny Estrada
|
0-0: Ball 1-0: Foul Ball, location: 2F 1-1: Ball 2-1: Called Strike 2-2: Foul Ball, location: 2F 2-2: SOLO HOME RUN (Flyball, 9D, EV 99.4 MPH), Distance : 386 ft
|
|
Pinch Hitting: LHB Justin Rupert
|
0-0: Called Strike 0-1: Ball 1-1: Ball 2-1: Ball 3-1: Base on Balls
|
|
Batting: RHB Matt Belgard
|
0-0: Called Strike 0-1: Ball 1-1: Ball 2-1: Ball 3-1: Swinging Strike 3-2: Strikes out swinging
|
|
Pitching: LHP David James
|
|
|
Batting: LHB Pete Hansel
|
0-0: Called Strike 0-1: Ball 1-1: Called Strike 1-2: SINGLE (Groundball, 3S, EV 73.1 MPH) (infield hit) Justin Rupert to second
|
|
Batting: LHB Mike Meyerhoff
|
0-0: Called Strike 0-1: Foul Ball, location: 2F 0-2: Foul Ball, location: 2F 0-2: Fly out, F8 (Flyball, 8LXD, EV 92.5 MPH) Runner from 2nd tags up, SAFE at 3rd, no throw by CF
|
|
Batting: RHB Mike Jaquez
|
0-0: Called Strike 0-1: DOUBLE (Line Drive, 78D, EV 102.5 MPH) Justin Rupert scores Pete Hansel to third
|
|
Batting: LHB Roman Downey
|
0-0: Fly out, F7 (Flyball, 7LS, EV 92.5 MPH)
|
| Bottom of the 9th over - 2 runs, 3 hits, 0 errors, 2 left on base; Oakland 9 - Kansas City 3 |
|